 Dungeon Crawl Stone Soup version 0.28-a0-657-g71136c5590 (webtiles) character file.

Game seed: 7117511647561651364

158 KristoblXynda the Slasher (level 5, -5/45 HPs)
             Began as a Draconian Gladiator on Oct 13, 2021.
             Slain by an unseen horror (9 damage)
             ... on level 6 of the Dungeon.
             The game lasted 00:02:33 (2661 turns).

KristoblXynda the Slasher (Draconian Gladiator)     Turns: 2661, Time: 00:02:33

Health: -5/45      AC:  5    Str: 17    XL:     5   Next: 16%
Magic:  5/5        EV: 13    Int:  9    God:
Gold:   118        SH:  0    Dex: 12    Spells: 4/4 levels left

rFire   . . .      SeeInvis .   a - +0 long sword
rCold   . . .      Faith    .   (no shield)
rNeg    . . .      Spirit   .   (armour unavailable)
rPois   .          Reflect  .   b - +0 hat
rElec   .          Harm     .   (no cloak)
rCorr   .          Rampage  .   (no gloves)
Will    .....                   (no boots)
Stlth   +.........              (no amulet)
HPRegen 0.15/turn               (no ring)
MPRegen 0.09/turn               (no ring)

@: no status effects
A: AC +5, unfitting armour, cold-blooded
a: no special abilities


You were on level 6 of the Dungeon.
You visited 1 branch of the dungeon, and saw 4 of its levels.

You collected 118 gold pieces.

Inventory:

Hand Weapons
 a - a +0 long sword (weapon)
Armour
 b - a +0 hat (worn)
Scrolls
 d - 3 scrolls of identify
 f - a scroll of acquirement {unknown}
 g - a scroll of torment {unknown}
 h - a scroll of enchant armour {unknown}
 i - a scroll of blinking {unknown}
 j - a scroll of vulnerability {unknown}
 k - a scroll of fear {unknown}
 l - a scroll of amnesia {unknown}
Potions
 e - a potion of brilliance


   Skills:
 + Level 3.5 Fighting
 * Level 4.5 Long Blades
 - Level 2.0 Throwing
 + Level 3.5 Dodging


You had 4 spell levels left.
You didn't know any spells.
Your spell library contained the following spells:

 Spells                   Type           Power      Damage    Failure   Level
 Malign Gateway           Summ/Tloc      0%         N/A       100%        7
 Summon Horrible Things   Summ           0%         N/A       100%        8


Dungeon Overview and Level Annotations

Branches:
Dungeon (3/15)

Altars:
Fedhas
Hepliaklqana


Innate Abilities, Weirdness & Mutations

Your plain brown scales are hard. (AC +5)
You cannot fit into any form of body armour.
You are cold-blooded and may be slowed by cold attacks.


Message History

You kill the sky beast!
Your Long Blades skill increases to level 4!
You have reached level 5!
c - a throwing net;
c - 2 throwing nets (gained 1)
You start resting.
HP restored.
Okay, then.
You open the door. Something hits you but does no damage.
Deactivating autopickup; reactivate with Ctrl-A.
You closely miss something. Something hits you but does no damage.
Something hits you!
Unknown command.
You miss something.
Your tail-slap misses something.
Something hits you but does no damage. Something hits you!
You hit something but do no damage.
Your tail-slap misses something.
Something hits you but does no damage. Something hits you.
There is an open door here.
Something hits you. Something hits you!
You closely miss something. Something barely misses you. Something hits you!
* * * LOW HITPOINT WARNING * * *
Something is blocking the doorway!
Something hits you.
* * * LOW HITPOINT WARNING * * *
Something hits you.
* * * LOW HITPOINT WARNING * * *
There is an open door here.
Okay, then.
Throw: 2 throwing nets
Press: ? - help, Q - select action Shift-Dir - straight line You throw a throwing net.
Something hits you but does no damage.
Unknown command.
Throw: throwing net
Press: ? - help, Q - select action Shift-Dir - straight line You throw a throwing net.
Something hits you but does no damage.
Unknown command.
Found a club, a small emerald ring and a mace.
Something hits you but does no damage. Something hits you!
You die...

# #### +.
+..##
.Y#8..#
#######.#
)=()[)#'#
#+# ##@#
8#Z.#8.(#
.+..+..##
#. ### #


You could see a sky beast (asleep) and a bullfrog zombie (dormant).

Vanquished Creatures
  A sky beast (D:6)
  2 adders (D:2)
  A worm (D:3)
  2 dart slugs (D:2)
  2 orcs (D:3)
  5 endoplasms
  3 goblins
  2 hobgoblins
  6 jackals
  A quokka (D:2)
  2 ball pythons
  2 bats
  2 frilled lizards
  7 kobolds
  4 rats
42 creatures vanquished.

Notes
Turn   | Place    | Note
-------+----------+-------------------------------------------
     0 | D:1      | KristoblXynda the Draconian Gladiator began the quest for
                  | the Orb.
     0 | D:1      | Reached XP level 1. HP: 17/17 MP: 1/1
     1 | D:1      | Noticed an electric eel
   283 | D:1      | Found a faded altar of an unknown god.
   431 | D:1      | Reached XP level 2. HP: 21/25 MP: 2/2
  1001 | D:2      | Reached XP level 3. HP: 27/30 MP: 3/3
  1321 | D:2      | Found a hazy altar of Hepliaklqana.
  2011 | D:3      | Found a blossoming altar of Fedhas.
  2111 | D:3      | Reached XP level 4. HP: 23/38 MP: 4/4
  2371 | D:3      | You fall into a shaft and drop 3 floors!
  2371 | D:6      | Noticed a sky beast
  2383 | D:6      | Killed a sky beast
  2384 | D:6      | Reached skill level 4 in Long Blades
  2384 | D:6      | Reached XP level 5. HP: 5/45 MP: 5/5
  2661 | D:6      | Noticed a sky beast
  2661 | D:6      | Slain by an unseen horror

Illustrated notes

Levels and vault maps discovered:
D:1:      arrival_aquarium_a, layout_basic, shapermc_ecumenical_altar_pompeii,
          serial_park_tiny_1, hangedman_decor_push
D:2:      layout_loops_corners, basic_altar, hangedman_decor_growths,
          uniq_crazy_yiuf_cottage
D:3:      minmay_diamond_boxcup, layout_basic, grunt_temple_overflow_open,
          gup_sewer_entry_spiral
D:6:      minmay_chambers_of_sixes, layout_basic,
          mainiacjoe_overflow_small_starburst, cheibriados_altar_1,
          grunt_gozag_breadcrumbs, chequers_serial_rivers_micro_d

Skill      XL: |  1  2  3  4 |
---------------+-------------+-----
Throwing       | 2 |  2.0
Dodging        | 3 |  3.5
Fighting       | 3 |  3.5
Long Blades    | 4 |  4.5

Action                   |  1- 3 |  4- 6 || total
-------------------------+-------+-------++-------
Melee: Long sword        |    99 |    19 ||   118
       Tailslap          |    10 |     1 ||    11
Throw: Throwing net      |       |     5 ||     5
  Use: Scroll            |     2 |       ||     2
 Stab: Distracted        |     1 |       ||     1
       Held in net/web   |       |     1 ||     1
Armor: Skin              |    34 |    10 ||    44
Dodge: Dodged            |    78 |     5 ||    83

Table legend: (Time is in decaauts)
 A = Elapsed time spent in this place.
 B = Non-inter-level travel time spent in this place.
 C = Inter-level travel time spent in this place.
 D = Time resting spent in this place.
 E = Time spent auto-exploring this place.
 F = Levels seen in this place.
 G = Mean time per level.
                   A        B        C        D        E       F      G
               +--------+--------+--------+--------+--------+-----+--------+
         Total |   2689 |   2649 |     40 |    525 |   1782 |   4 |  672.2 |
       Dungeon |   2689 |   2649 |     40 |    525 |   1782 |   4 |  672.2 |
               +--------+--------+--------+--------+--------+-----+--------+

Top non-repeatable levels by time:
     D:2: 1170 daAuts
     D:1: 721 daAuts
     D:3: 506 daAuts
     D:6: 291 daAuts
